[Event "1st Serbian League 2022"]
[Site "Vrnjacka Banja"]
[Date "2022.09.21"]
[Round "2.30"]
[White "Perunovic, Miodrag"]
[Black "Todorovic, Jovan"]
[Result "1/2-1/2"]
[ECO "B62"]
[WhiteElo "2413"]
[BlackElo "2350"]
[Annotator "TA"]
[PlyCount "106"]
[EventDate "2022.09.20"]
[EventType "team-tourn"]
[EventCountry "SRB"]
[SourceTitle "playchess.com"]
[Source "ChessBase"]
[SourceQuality "1"]
[TimeControl "40/5400+30:1800+30"]

1. e4 c5 2. Nf3 d6 3. d4 cxd4 4. Nxd4 Nf6 5. Nc3 Nc6 6. Bg5 e6 7. Bb5 Qb6 {[%emt 0:03:39] B62: Sicilian: Richter-Rauzer: 6...e6: Unusual White 7th moves.} 8. Be3 {[%emt 0:00:02] [#] Black must now prevent Nxc6.} Qc7 9. g4 Be7 10. g5 Nd7 11. h4 a6 12. Be2 b5 13. Nxc6 Qxc6 14. Qd4 e5 15. Qd2 {[%emt 0:00:29] [#] White is more active.} Nc5 $146 ({Predecessor:} 15... Nb6 16. Bxb6 Qxb6 17. Nd5 Qc6 18. c4 bxc4 19. Rc1 Bd8 20. Bxc4 Qb7 21. h5 Be6 22. Ke2 Ra7 {1-0 (39) Illingworth,M (2458)-Saleh,A (1904) Sydney 2016}) 16. f3 Be6 17. h5 ({Better is} 17. O-O-O $16) 17... Na4 $1 $11 18. Nd5 Nxb2 19. Rb1 {[%emt 0:00:27][%cal Ba1b1,Bb1b5,Bb5d5][%mdl 32] Hoping for Nb4.} Na4 {[%emt 0:17:07] [#]} 20. Rxb5 $1 Bxd5 21. Qxd5 Qxd5 22. Rxd5 Nc3 23. Ra5 Nxe2 24. Kxe2 Kd7 25. Rb1 Rhc8 26. Kd3 Rc6 27. Rb7+ Ke6 28. c4 h6 29. gxh6 gxh6 30. Ra4 Bg5 31. Rab4 (31. Ra7 $14 {is more appropriate.} Rxa7 32. Bxa7) 31... Bxe3 32. Kxe3 {[%emt 0:00:01][%mdl 4096] Endgame KRR-KRR} Rac8 33. Kd3 a5 34. Ra4 Ra8 35. Ra3 Rac8 36. Ra4 Ra8 37. Rb5 Rc5 38. Rb6 Ra7 39. Rb8 Kf6 40. Ra3 Rac7 41. Rc3 Rc8 42. Rb1 Rg8 43. Rb6 Ke6 44. Ke3 Rgc8 45. Kd3 Rg8 46. Kc2 Rg1 47. Ra6 Rh1 48. Kb3 Rb1+ 49. Ka3 Rb4 50. Rd3 Rbxc4 {[%emt 0:00:00] And now ...Rd4 would win.} 51. Raxd6+ Ke7 52. Kb2 Rb4+ 53. Ka3 Rbc4 {[%emt 0:00:00] Weighted Error Value: White=0.06 (flawless) /Black=0.05 (flawless)} 1/2-1/2

[Event "1st Serbian League 2022"]
[Site "Vrnjacka Banja"]
[Date "2022.09.21"]
[Round "2.31"]
[White "Krstulovic, Alex"]
[Black "Ter-Sahakyan, Samvel"]
[Result "1/2-1/2"]
[ECO "D02"]
[WhiteElo "2411"]
[BlackElo "2630"]
[Annotator "TA"]
[PlyCount "46"]
[EventDate "2022.09.20"]
[EventType "team-tourn"]
[EventCountry "SRB"]
[SourceTitle "playchess.com"]
[Source "ChessBase"]
[SourceQuality "1"]
[TimeControl "40/5400+30:1800+30"]

1. d4 Nf6 2. Nf3 d5 3. Bf4 Bf5 4. e3 e6 5. c4 Bxb1 6. Rxb1 {[%emt 0:01:02] D02: 1 d4 d5 2 Nf3 sidelines, including 2...Nf6 3 g3 and 2...Nf6 3 Bf4.} Bb4+ 7. Ke2 {[%emt 0:00:10] c5 is the strong threat.} dxc4 8. Qa4+ $1 {[%emt 0:02:08] The position is equal.} Nc6 9. Ne5 {[%emt 0:04:25] Active counter play!} Nd5 10. Nxc6 Qd7 {[%emt 0:00:15][%mdl 64] [#] Pin} 11. Rc1 $1 bxc6 (11... c3 12. bxc3) 12. Rxc4 {[%emt 0:03:55] White is slightly better.} Rb8 13. Qxc6 ({Much worse is} 13. Qxa7 O-O 14. Qa4 Bd6 $17) 13... Qxc6 14. Rxc6 Nxf4+ 15. exf4 Ba5 16. b3 {[%emt 0:03:12] [#]  Weighted Error Value: White=0.00 (flawless) /Black=0.05 (flawless)} {Predecessor:} Ke7 $146 17. Ke3 Rhd8 18. Be2 Bb6 19. Rd1 a5 20. Ke4 g6 21. g4 Rd7 22. Bb5 Rd6 23. Rxd6 cxd6 {½-½ (31) Abasov,N (2656)-Sargsyan,S (2626) Krasnaya Polyana 2021} 1/2-1/2

[Event "1st Serbian League 2022"]
[Site "Vrnjacka Banja"]
[Date "2022.09.21"]
[Round "2.32"]
[White "Stojanovic, Mihajlo"]
[Black "Sedlak, Nikola"]
[Result "1/2-1/2"]
[WhiteElo "2494"]
[BlackElo "2466"]
[Annotator "TA"]
[PlyCount "33"]
[EventDate "2022.09.20"]
[EventType "team-tourn"]
[EventCountry "SRB"]
[SourceTitle "playchess.com"]
[Source "ChessBase"]
[SourceQuality "1"]
[TimeControl "40/5400+30:1800+30"]

1. d4 d5 2. c4 c6 3. cxd5 cxd5 4. Nf3 Nc6 5. Nc3 Nf6 6. Bf4 Ne4 7. e3 Nxc3 8. bxc3 e6 9. Bd3 Bd6 {[%emt 0:00:40] [#] An uneventful encounter. D13: Slav Defence: Exchange variation without ...Bf5.} {Predecessor:} 10. Bg3 $146 h6 11. O-O O-O 12. Nd2 b6 13. c4 Bxg3 14. hxg3 dxc4 15. Nxc4 Bb7 16. Rc1 Rc8 17. Bb1 {0-1 (50) Xiong,J (2679)-Smirnov,A (2567) Chess.com INT 2019} 1/2-1/2

[Event "1st Serbian League 2022"]
[Site "Vrnjacka Banja"]
[Date "2022.09.21"]
[Round "2.33"]
[White "Popovic, Dusan"]
[Black "Pezelj, Novak"]
[Result "1/2-1/2"]
[ECO "C00"]
[WhiteElo "2486"]
[BlackElo "2496"]
[Annotator "TA"]
[PlyCount "75"]
[EventDate "2022.09.20"]
[EventType "team-tourn"]
[EventCountry "SRB"]
[SourceTitle "playchess.com"]
[Source "ChessBase"]
[SourceQuality "1"]
[TimeControl "40/5400+30:1800+30"]

1. e4 e6 2. d3 d5 3. Nd2 Nf6 4. Ngf3 b6 5. c3 Bb7 6. Qa4+ Nfd7 {[%emt 0:05:28] C00: French: Unusual White 2nd moves.} 7. e5 c5 8. d4 {[%emt 0:04:34] [#]} Nc6 $146 {[%emt 0:03:13] Black has an edge.} ({Predecessor:} 8... Bc6 9. Qd1 Bb7 10. Be2 Nc6 11. O-O f5 12. Nb3 Be7 13. c4 Nb4 14. a3 dxc4 15. axb4 cxb3 16. Qxb3 {1-0 (34) Hawkes,R (2365)-Baragar,F (2280) Ottawa 1984}) 9. a3 Be7 10. Bb5 Rc8 (10... Qc7 $15) 11. O-O O-O 12. Re1 Re8 13. Nf1 f6 14. exf6 Bxf6 15. Bf4 a6 16. Bxc6 Bxc6 17. Qd1 ({But not} 17. Qxa6 $2 c4 18. Qa7 Re7 $19) 17... Qe7 18. Ne5 Bb5 19. Ng3 cxd4 20. cxd4 Nxe5 21. Bxe5 Bxe5 22. Rxe5 Qc7 23. Nh5 Re7 ({Better is} 23... Qc2 $11) 24. Qe1 (24. Nf4 {with more complications.} Qc2 25. b3 Rf7 26. g3) 24... Bd7 (24... Rf7 $11) 25. Nf4 $16 {[%emt 0:01:35] [#] Strongly threatening Nxd5.} Qd6 26. Qd2 Rf7 27. Rae1 Rf6 28. f3 Rc4 29. Nh5 Rg6 (29... Rf7 $11) 30. Nf4 (30. Rc1 $16) 30... Rf6 $14 31. Nh5 Rg6 32. b3 ({White should play} 32. Rc1 $16) 32... Rc6 $11 33. a4 a5 34. Nf4 {[%emt 0:00:43] White is more active.} Rf6 35. Nh5 Rg6 (35... Rf5 $2 36. Rxf5 exf5 37. Qg5 $18) 36. Nf4 Rf6 37. Nh5 Rg6 (37... Rf5 $2 38. Rxf5 exf5 39. Qg5 $18) 38. Nf4 {[%emt 0:00:16] Weighted Error Value: White=0.26 (precise) /Black=0.16 (very precise)} (38. Rc1 $14) 1/2-1/2

[Event "1st Serbian League 2022"]
[Site "Vrnjacka Banja"]
[Date "2022.09.21"]
[Round "2.34"]
[White "Ratkovic, Milovan"]
[Black "Boskovic, Drasko"]
[Result "1/2-1/2"]
[ECO "D80"]
[WhiteElo "2411"]
[BlackElo "2415"]
[Annotator "TA"]
[PlyCount "187"]
[EventDate "2022.09.20"]
[EventType "team-tourn"]
[EventCountry "SRB"]
[SourceTitle "playchess.com"]
[Source "ChessBase"]
[SourceQuality "1"]
[TimeControl "40/5400+30:1800+30"]

1. d4 Nf6 2. c4 g6 3. Nc3 d5 4. Bg5 Bg7 5. Bxf6 Bxf6 6. cxd5 {[%emt 0:00:11] D80: Grünfeld: Unusual White 4th moves and 4 Bg5.} O-O 7. e3 c6 8. Bc4 {[%emt 0:03:00][%cal Bf1c4,Bc4b3,Bb3d5][%mdl 32] White is slightly better.} b5 9. Bb3 {[%emt 0:00:57] [#]} a5 $146 ({Predecessor:} 9... b4 10. Ne4 Bg7 11. dxc6 Nxc6 12. Ne2 e5 13. d5 Na5 14. Nc5 Qb6 15. Rc1 Rd8 {1-0 (58) Turova,I (2413)-Gandrud,V (2330) Bergen 2017}) 10. dxc6 Nxc6 11. Nge2 a4 12. Bd5 Ra6 13. a3 e5 14. O-O exd4 15. exd4 (15. Nxd4 Nxd4 16. exd4 Rd6 $11) 15... Bg4 {[%emt 0:03:40] This bishop pair is nice.} 16. f3 Bf5 17. Kh1 Qb6 (17... Rb6 $11) 18. Ne4 (18. Bxc6 $14 Qxc6 19. Rc1) 18... Bg7 $11 ({But not} 18... Bxe4 19. fxe4 Bg7 20. Rc1 $18) 19. Bxc6 Qxc6 20. Rc1 Qb6 21. Qd2 Rd8 22. Rfd1 Ra7 23. Qb4 Bf8 24. Nc5 Bh6 25. Nc3 (25. Rc3 $11) 25... Bxc1 $17 26. Rxc1 Qf6 27. d5 Re7 (27... Rc7 $15) 28. N5e4 (28. Rg1 $11 {keeps the balance.}) 28... Bxe4 29. Nxe4 Qe5 $40 {[%emt 0:01:15][%mdl 128] Black attacks.} (29... Qf4 $17 30. Rg1 Qe5) 30. Qxb5 $2 (30. d6 $11 Ree8 31. g4) 30... f5 $19 31. Nc3 {[%emt 0:01:41] [#]} Rb8 $1 32. Qc4 {[%emt 0:02:36] [#]} Qe1+ $3 33. Qf1 Qxf1+ 34. Rxf1 Rxb2 35. Nxa4 {[%emt 0:01:13][%mdl 4096] Endgame KRR-KRN} Rd2 36. Nb6 Rb7 {[%emt 0:00:26][%mdl 64] Deflection} 37. Nc4 Rxd5 38. h3 $2 (38. Kg1 {is a better defense.}) 38... Rc7 39. Nb2 Rc2 {[%emt 0:00:54] Prevents Rf2.} 40. Nd1 f4 {[%emt 0:01:06] Prevents Ne3. Strongly threatening ...Rc1.} 41. Nf2 Rdd2 42. Kg1 Ra2 43. a4 Re2 44. a5 Rec2 45. a6 Rxa6 46. Ne4 Raa2 47. Rf2 Rxf2 48. Nxf2 {[%emt 0:00:00] KR-KN} Kf7 49. Nd3 (49. h4 $142) 49... Ra4 50. Kh2 Kf6 51. h4 Kf5 52. Kh3 Ra1 53. Kh2 {[%emt 0:00:00] Inhibits Rh1+.} Rd1 54. Nf2 Rd4 {[%emt 0:00:00] Hoping for ...Rc4.} 55. Nh3 Ke5 56. Ng5 Rd7 57. Kh3 h5 58. Kh2 Kd4 59. Ne4 Ke3 60. Ng5 Rd4 61. Ne6 Ra4 62. Nf8 $2 (62. Kg1) 62... Ra6 (62... Ra5 $142 63. Ne6 Rd5) 63. Nh7 Ra5 {[%emt 0:00:00] Threatens to win with ...Ke2.} 64. Nf6 Kf2 {[%emt 0:00:00] aiming for ...Kf1.} 65. Ne4+ Kf1 66. Nd2+ Ke2 67. Ne4 Ra8 68. Kg1 Ra5 $2 (68... Ra1+ $19 69. Kh2 Kf1 70. Nd2+ Kf2 71. Ne4+ Ke2) 69. Nc3+ $2 (69. Kh2 $11 {and White is okay.} Ke3 70. Kh3) 69... Kd3 70. Ne4 Ra3 71. Nf2+ Ke3 {[%emt 0:00:12] ( -> ...Ra1+)} 72. Nh3 Ra4 73. Kh2 Ra5 74. Kg1 Rb5 75. Kh2 Rf5 76. Kg1 Ke2 77. Kh1 Kf1 78. Kh2 Ke2 $2 ({Black should play} 78... Rf6 $19 {And now ...Rf8 would win.} 79. Kh1 Ke2) 79. Kg1 $2 (79. Kh1 $1 $11 Ke3 80. Ng5) 79... Ke3 80. Kh2 Rd5 81. Kg1 Rd1+ 82. Kh2 Rf1 83. Ng5 Rf2 84. Kg1 Ke2 $2 (84... Ra2 $19 {White must now prevent ...Ra1+.} 85. Kh2 Rd2) 85. Nh3 $11 Rf1+ 86. Kh2 Ke3 $2 (86... Rd1 $11 87. Nxf4+ Ke3 88. Nxg6 Ra1) 87. Ng5 $19 Ra1 88. Nh3 Rb1 89. Ng5 Rf1 90. Nh3 Rxf3 $2 91. gxf3 $11 {[%emt 0:00:07] The position is equal.} Kxf3 92. Ng5+ Kg4 93. Ne6 f3 94. Nf8 {[%emt 0:00:56] Weighted Error Value: White=0.36/Black=0.16 (very precise)} 1/2-1/2

[Event "1st Serbian League 2022"]
[Site "Vrnjacka Banja"]
[Date "2022.09.21"]
[Round "2.35"]
[White "Zegarac, Vuk"]
[Black "Ratkovic, Miloje"]
[Result "0-1"]
[ECO "D02"]
[WhiteElo "2336"]
[BlackElo "2498"]
[Annotator "TA"]
[PlyCount "80"]
[EventDate "2022.09.20"]
[EventType "team-tourn"]
[EventCountry "SRB"]
[SourceTitle "playchess.com"]
[Source "ChessBase"]
[SourceQuality "1"]
[TimeControl "40/5400+30:1800+30"]

1. d4 d5 2. Nf3 Nf6 3. c3 e6 4. Bf4 Bd6 5. e3 O-O 6. Nbd2 {[%emt 0:01:38] D02: 1 d4 d5 2 Nf3 sidelines, including 2...Nf6 3 g3 and 2...Nf6 3 Bf4.} c5 7. Bd3 Bxf4 8. exf4 {[%emt 0:00:19] The position is equal.} cxd4 9. Nxd4 Qc7 {[%emt 0:02:04] is cutting edge theory.} 10. g3 e5 11. fxe5 Qxe5+ 12. Qe2 Qd6 {[%emt 0:00:38] [#] Strongly threatening ...Re8.} 13. O-O Re8 14. Qf3 Bg4 15. Qg2 {[%emt 0:02:57] [#]} Nc6 $146 ({Predecessor:} 15... Qd7 16. Rfe1 Nc6 17. N2b3 Nxd4 18. Nxd4 a6 19. f3 Bh5 20. Qd2 Bg6 21. Bf1 h6 22. Rxe8+ Rxe8 {1-0 (61) Kamsky,G (2655)-Yuan,Q (2373) Chess.com INT 2022}) 16. Nxc6 bxc6 17. f3 Bd7 {[%emt 0:02:01] Threatening ...Re3.} 18. Qf2 {[%emt 0:01:40] Prevents Re3.} c5 19. Rfe1 Rab8 20. b3 a5 21. Rxe8+ Bxe8 22. Re1 a4 23. Bc2 axb3 24. axb3 Ra8 25. Bb1 g6 26. Qe3 Bd7 27. Kg2 d4 {[%emt 0:07:15] Black is more active.} (27... Kg7 $15) 28. Nc4 Bh3+ 29. Kg1 (29. Kxh3 $15 Qd7+ 30. Bf5 Qxf5+ 31. g4) 29... dxe3 $17 30. Nxd6 Ra1 31. c4 $2 {[%emt 0:01:55] [#] Against Nd5} (31. b4 $17) 31... Nd7 $1 $19 {[%emt 0:13:03] White must now prevent ...Ne5.} 32. f4 {[%emt 0:00:58] Prevents Ne5.} Nf6 33. Rd1 Bg4 34. Re1 Bh3 (34... Bf3 $142 {[%cal Of6e4] Hoping for ...Ne4!} 35. Nxf7 Be4) 35. Rd1 $1 h5 36. Nb5 $2 (36. Bc2 Ra2 37. Rc1) 36... e2 37. Re1 Ne4 38. Na3 $2 (38. Bxe4 {was worth a try.} Rxe1+ 39. Kf2) 38... Nc3 {[%emt 0:00:28] aiming for ...Bf5.} 39. Rc1 (39. Nc2 $142 Rxb1 40. Rxb1 Nxb1 41. Kf2) 39... Rxa3 40. Rxc3 e1=Q# {[%emt 0:00:09] Weighted Error Value: White=0.66/Black=0.22 (precise)} 0-1

[Event "1st Serbian League 2022"]
[Site "Vrnjacka Banja"]
[Date "2022.09.21"]
[Round "2.36"]
[White "Dimic, Pavle"]
[Black "Munizaba, Slobodan"]
[Result "1/2-1/2"]
[ECO "E11"]
[WhiteElo "2352"]
[BlackElo "2416"]
[Annotator "TA"]
[PlyCount "95"]
[EventDate "2022.09.20"]
[EventType "team-tourn"]
[EventCountry "SRB"]
[SourceTitle "playchess.com"]
[Source "ChessBase"]
[SourceQuality "1"]
[TimeControl "40/5400+30:1800+30"]

1. d4 Nf6 2. c4 e6 3. Nf3 Bb4+ 4. Bd2 c5 5. Bxb4 cxb4 6. Qd3 O-O {[%emt 0:01:08] E11: Bogo-Indian.} 7. e4 d6 8. Be2 b6 {[%emt 0:00:53] [#]} 9. a3 $146 ({Predecessor:} 9. O-O Bb7 10. Nbd2 a5 11. e5 dxe5 12. Nxe5 Nc6 13. Ndf3 Rc8 14. Rad1 Ne7 15. Nh4 {0-1 (62) Nigalidze,G (2441)-Quparadze,G (2459) Poti 2012}) 9... Bb7 10. axb4 (10. Nfd2 $142) 10... Bxe4 $11 11. Qd2 a5 12. b5 Nbd7 13. Nc3 Bb7 14. O-O Rc8 15. b3 d5 16. Ne5 dxc4 {[%emt 0:10:06] aiming for ...Nxe5.} 17. Nxd7 Nxd7 18. bxc4 Ne5 19. Ra4 Qd6 20. Qe3 Ng6 21. Rd1 Qc7 22. Bf3 (22. g3 $14) 22... Bxf3 23. Qxf3 Rfd8 24. g3 Rd7 25. Qe2 {[%emt 0:02:38][%cal Oc4c5] Black should prevent c5!} Qd8 26. d5 exd5 27. Nxd5 Kf8 28. Raa1 Ne7 {[%emt 0:00:57][%cal Re7d5] [#]} 29. Ne3 {[%emt 0:02:15] White is much more active.} Rcc7 30. Qg4 g6 31. h4 Qc8 (31... Ng8 $16) 32. Qf4 $18 {[%emt 0:01:03] Qh6+ is the strong threat.} Kg7 {[%emt 0:02:01] Prevents Qh6+.} 33. Rd4 ({Don't do} 33. Rxd7 $6 Rxd7 34. Ng4 Ng8 $16) 33... Rc5 $2 (33... h5 {is a better defense.} 34. Rad1 Rb7) 34. Rad1 Rxd4 35. Qxd4+ f6 {[%emt 0:00:28] [#]} 36. Qd6 (36. Qf4 $1 $18) 36... Qc7 $16 37. Qe6 Re5 38. Rd7 {[%emt 0:00:31] Hoping for Qc6.} Rxe6 39. Rxc7 $14 {[%emt 0:00:05][%mdl 4096] Endgame Black must now prevent c5. KRN-KRN} Kf8 40. Kg2 Ke8 $1 41. c5 {[%emt 0:07:28] Strongly threatening c6.} bxc5 42. Nc4 Kd8 43. Rxc5 (43. Ra7 $5 ) 43... a4 {[%emt 0:02:28] The position is equal.} 44. b6 {[%emt 0:08:34] And now b7 would win.} Rc6 45. b7 $1 Kc7 46. Rb5 Kb8 47. Nb6 {[%emt 0:01:36] Nd7+ would kill now.} Kxb7 48. Nxa4+ {[%emt 0:00:23] Black escapes into a draw.  Weighted Error Value: White=0.16 (very precise) /Black=0.15 (very precise)} 1/2-1/2

[Event "1st Serbian League 2022"]
[Site "Vrnjacka Banja"]
[Date "2022.09.22"]
[Round "3.1"]
[White "Demchenko, Anton"]
[Black "Predojevic, Borki"]
[Result "1/2-1/2"]
[ECO "C13"]
[WhiteElo "2645"]
[BlackElo "2584"]
[Annotator "TA"]
[PlyCount "86"]
[EventDate "2022.09.20"]
[EventType "team-tourn"]
[EventCountry "SRB"]
[SourceTitle "playchess.com"]
[Source "ChessBase"]
[SourceQuality "1"]
[TimeControl "40/5400+30:1800+30"]

1. e4 e6 2. d4 d5 3. Nc3 Nf6 4. Bg5 dxe4 5. Nxe4 Be7 6. Nxf6+ Bxf6 7. Bxf6 Qxf6 8. Nf3 O-O 9. Qd3 $1 {[%emt 0:00:05][%mdl 4] is now more promising than 9.Bd3. C13: French: Classical System: 4 Bg5 Be7, Alekhine-Chatard Attack.} Rd8 10. O-O-O Bd7 11. Rd2 Nc6 12. Qe4 Nb4 {[%emt 0:07:59] The position is equal.} 13. Ne5 (13. Qxb7 Nxa2+ 14. Kb1 {[#]} Nc3+ $1 15. Ka1 (15. bxc3 $2 Rab8 $19) 15... Qe7 $17) 13... Bc6 ({Don't play} 13... Nxa2+ 14. Kb1 Nb4 15. Nxd7 $16 (15. Qxb7 Rab8 $11)) 14. Nxc6 Nxc6 15. c3 e5 {[%emt 0:06:12][%cal Re5d4] [#]} 16. Bd3 $146 {[%emt 0:00:29] Threatens to win with Re1.} ({Predecessor:} 16. d5 Ne7 17. Bc4 Nc8 18. Bd3 g6 19. Re1 Re8 20. Qf3 Qxf3 21. gxf3 f6 22. c4 {½-½ (46) Fasser,W (2208)-Raessler,A (2341) ICCF email 2016}) 16... g6 17. d5 Ne7 18. c4 c6 19. Re1 cxd5 20. Qxe5 Qxe5 21. Rxe5 dxc4 {[%emt 0:00:19] [#] Hoping for ...Nc6.} 22. Rxe7 cxd3 23. Rxb7 $11 {[%emt 0:00:09][%mdl 4096] Endgame KRR-KRR} Rd5 24. Re7 a5 25. Re3 Rad8 26. b3 a4 27. Kb2 axb3 28. axb3 h5 29. b4 Kg7 30. Kc3 Rc8+ 31. Kb3 Rcd8 32. g3 R5d6 33. h4 Kf6 34. Re4 R8d7 35. Kc3 Rd8 36. b5 Rb8 37. Rb4 Rd5 38. Kc4 Ke6 39. b6 Rd6 40. Kc5 Kd7 41. b7 {[%emt 0:36:22] And now Rb6 would win.} Kc7 {[%emt 0:30:48] Against Rb6} 42. Rb3 Rd7 43. Kc4 Rxb7 {[%emt 0:00:00] A balanced but interesting game.  Weighted Error Value: White=0.01 (flawless) /Black=0.01 (flawless)} 1/2-1/2

[Event "1st Serbian League 2022"]
[Site "Vrnjacka Banja"]
[Date "2022.09.22"]
[Round "3.2"]
[White "Bogosavljevic, Boban"]
[Black "Atalik, Suat"]
[Result "1-0"]
[ECO "D78"]
[WhiteElo "2533"]
[BlackElo "2436"]
[Annotator "TA"]
[PlyCount "185"]
[EventDate "2022.09.20"]
[EventType "team-tourn"]
[EventCountry "SRB"]
[SourceTitle "playchess.com"]
[Source "ChessBase"]
[SourceQuality "1"]
[TimeControl "40/5400+30:1800+30"]

1. Nf3 Nf6 2. g3 g6 3. Bg2 Bg7 4. O-O O-O 5. d4 d5 6. c4 c6 7. b3 Bf5 8. Bb2 a5 9. Nc3 Ne4 10. e3 Nxc3 {[%emt 0:01:55] D78: Fianchetto Grünfeld: 6 0-0 c6.} 11. Bxc3 Be4 12. Qe2 e6 {[%emt 0:01:56] The position is equal.} 13. Rfc1 {[%emt 0:03:27] [#]} Re8 $146 ({Predecessor:} 13... Nd7 14. Bh3 Bxf3 15. Qxf3 Nf6 16. Qe2 Ne4 17. Be1 Qe7 18. Bg2 Nd6 19. Rab1 Rfd8 {0-1 (41) Oparin,G (2652)-Artemiev,V (2716) Chess.com INT 2020}) 14. Bh3 Bxf3 15. Qxf3 Nd7 16. Bf1 Nb6 17. Rab1 Re7 18. Qd1 Rd7 (18... h5 $14) 19. c5 $16 Nc8 20. a4 Ne7 21. b4 axb4 22. Rxb4 h5 23. Rcb1 Ra7 24. Rb6 Nc8 25. R6b2 Kh7 26. a5 Ne7 27. Bd3 f5 28. Rb6 Qh8 (28... Qe8 $142) 29. f4 Bf6 30. R1b2 Qg7 31. Kh1 {[%emt 0:02:38] White is much more active.} Nc8 32. R6b3 Bd8 33. Qe1 Ne7 34. h3 Ng8 35. h4 Nf6 36. Kg2 Qf7 37. Ra2 Ne4 38. Bb4 Bf6 39. Qd1 Qe8 40. Be1 Qa8 {[%emt 0:00:00] [#]} ({Black should play} 40... Kh6 $14) 41. Qb1 $1 $18 Qe8 42. a6 bxa6 43. Rb8 ({Don't play} 43. Rxa6 Qc8 44. Rbb6 Rxa6 45. Bxa6 (45. Rxa6 Rb7 $16) 45... Qa8) (43. Bxa6 $6 Rac7 44. Rb8 Qf7) 43... Qe7 44. Rxa6 Rab7 45. Rxb7 Rxb7 46. Rb6 Rc7 (46... Rxb6 $142 47. Qxb6 (47. cxb6 Qb7 $16) 47... Qd7) 47. Ba6 Kg7 48. Rb7 Rxb7 49. Qxb7 Qxb7 50. Bxb7 {[%emt 0:00:05][%mdl 4096] Endgame KBB-KBN} Bd8 51. Bxc6 Kf7 52. Kf3 Nf6 53. Ke2 Ng4 54. Kd3 {[%emt 0:00:31] And now Bb5 would win.} Ke7 55. Ba4 Bc7 (55... Kf6 $142 56. Be8 Kg7) 56. Bd2 Nh2 57. Bd1 Kd7 (57... Nf1 {might work better.} 58. Be1 Nh2) 58. Be2 Kc6 59. Kc2 Ng4 60. Kb3 Nf6 61. Ka4 Bd8 62. Ba6 Ne4 (62... Kd7 {keeps fighting.} 63. Bb5+ Kc8) 63. Be1 e5 (63... Nf6 $142 64. Bc8 Ng4 65. Bxe6 Nxe3) 64. fxe5 g5 65. Bb5+ Kb7 66. e6 gxh4 67. gxh4 Bf6 68. c6+ Kb8 69. Ba5 {[%emt 0:00:27] [#] Intending c7+ and mate.} Nd6 70. Ba6 {[%emt 0:06:39] c7+ would kill now.} Ne8 {[%emt 0:00:26] Prevents c7+.} 71. Bd3 (71. Bb4 $142 Bxh4 72. Be2) 71... Bxh4 72. Bxf5 {[%emt 0:00:20] Hoping for Bb4. A strong pair of Bishops.} Bf6 73. Bh3 (73. Bb4 $142 Kc7 74. Kb5 Nd6+ 75. Bxd6+ Kxd6 76. Kb6 Bd8+ 77. Kb7) 73... Be7 74. Bb6 h4 75. Bc5 Nd6 76. Bg2 {[%emt 0:01:06] Black must now prevent Kb4.} Nf5 77. Kb5 {[%emt 0:01:18] Threatens to win with Bxe7.} Kc7 78. Bb6+ Kc8 79. Bxd5 h3 80. c7 (80. Ka6 $142 Nxe3 81. Bf3 Bd8 82. e7 Bxe7 83. c7 Kd7 84. Bb7 Ke6 85. c8=Q+ Kf6 86. Qh8+ Kf7 87. Qxh3) 80... Bd6 81. Be4 Ne7 82. Ka6 Bxc7 83. Bc5 Kd8 84. Kb7 {[%emt 0:00:18] White wants to mate with Bxe7+.} Bg3 85. Bf3 {[%emt 0:00:53] e4 is the strong threat.} h2 86. e4 Bf2 87. e5 (87. Bb6+ $142 Ke8 88. d5 Bxb6 89. Kxb6 Nc8+ 90. Kc5 Ne7 91. d6 h1=Q 92. Bxh1) 87... Nf5 88. Bb6+ $2 (88. Bb4 {mates} Bxd4 89. Bc6 Bc3 90. Bxc3 Ng7 91. Be1 Ke7 92. Bg3 Nxe6 93. Bxh2) 88... Ke7 $11 89. Bc5+ $2 (89. d5 $11 Nh4 90. d6+ (90. Bxf2 Nxf3 91. Bc5+ Kd8 $11) 90... Kxe6 91. Bc6 Bxb6 92. Kxb6) 89... Kd8 $18 90. Be4 (90. Bb4 $142 {Threatening mate with d5.} Bxd4 91. Bc6) 90... Nxd4 (90... Bxd4 $18 91. e7+ Nxe7 92. Bxd4 Kd7) 91. e7+ {[%emt 0:00:15] White mates.} Kd7 92. e6+ Nxe6 93. Bc6# {[%emt 0:00:08] Weighted Error Value: White=0.08 (flawless) /Black=0.22 (precise)} 1-0

[Event "1st Serbian League 2022"]
[Site "Vrnjacka Banja"]
[Date "2022.09.22"]
[Round "3.3"]
[White "Vucinic, Gojko"]
[Black "Vuckovic, Bojan"]
[Result "0-1"]
[ECO "B33"]
[WhiteElo "2380"]
[BlackElo "2559"]
[Annotator "TA"]
[PlyCount "86"]
[EventDate "2022.09.20"]
[EventType "team-tourn"]
[EventCountry "SRB"]
[SourceTitle "playchess.com"]
[Source "ChessBase"]
[SourceQuality "1"]
[TimeControl "40/5400+30:1800+30"]

1. e4 c5 2. Nf3 Nc6 3. d4 cxd4 4. Nxd4 Nf6 5. Nc3 e5 6. Ndb5 d6 7. Bg5 a6 8. Na3 b5 9. Bxf6 gxf6 10. Nd5 f5 11. Bd3 Be6 12. O-O Bxd5 13. exd5 Ne7 $1 14. Re1 {[%emt 0:01:36] B33: Sicilian: Pelikan and Sveshnikov Variations.} Bg7 15. c3 O-O 16. Nc2 {[%emt 0:02:21] White has an edge.} Qd7 17. a4 e4 ({Don't play} 17... Nxd5 18. axb5 axb5 19. Bxf5 $1 Qxf5 20. Rxa8 Rxa8 21. Qxd5 $16) 18. Bf1 bxa4 19. Nb4 Qb7 20. Qxa4 a5 21. Nc6 Nxc6 22. dxc6 Qxb2 {[%emt 0:02:39] [#]} 23. Rab1 $146 ({Predecessor:} 23. c7 Qb7 24. Qd7 Bxc3 25. Qxd6 Bxa1 26. Rxa1 Qb2 27. Rd1 a4 28. Qd7 a3 29. Rd2 {0-1 (37) Mergard,H (2211)-Nersesian,V ICCF email 2014}) 23... Qxc3 24. Rec1 Qd4 25. Rc4 Qe5 26. c7 Rfc8 {[%emt 0:11:34] Hoping for ...d5.} (26... d5 $5 27. Rcc1 Rac8 28. Qxa5 e3 $11) 27. Qc6 {[%emt 0:06:58][%cal Oc6a8] aiming for Qxa8!} d5 $1 28. Qxa8 Rxa8 29. c8=Q+ Rxc8 30. Rxc8+ Bf8 {[%emt 0:00:07] And now ...Kg7 would win.} 31. Rbb8 e3 32. Rxf8+ Kg7 33. Rg8+ Kf6 34. Rbe8 exf2+ 35. Kxf2 Qf4+ 36. Ke1 a4 37. Rg3 $2 (37. g3 $11 {and White has nothing to worry.} Qb4+ 38. Kf2) 37... Qb4+ $19 38. Kf2 Qb6+ ({Not} 38... a3 39. Ra8 Qd4+ 40. Ke1 Qa1+ 41. Kf2 Qb2+ 42. Kg1 $11) 39. Ke1 {[%emt 0:01:18] [#]} Qa5+ $1 ({Avoid the trap} 39... Qb4+ $2 40. Kf2 Qb6+ 41. Kf3) 40. Kf2 a3 {[%emt 0:00:38] White must now prevent ...a2.} 41. Rf3 a2 {[%emt 0:35:06] Really sharp!} 42. g4 $2 (42. Re1) 42... Qd2+ 43. Kg3 a1=Q {[%emt 0:00:29] Weighted Error Value: White=0.63/Black=0.37} 0-1